 Dungeon Crawl Stone Soup version 0.30-a0-137-gd8773701ce (webtiles) character file.

Game seed: 10211426289640447583

14191 SpicyYetSad the Frost Mage (level 12, -9/78 HPs)
             Began as a Merfolk Ice Elementalist on Sept 22, 2022.
             Was a Priest of Sif Muna.
             Mangled by a death yak (14 damage)
             ... on level 2 of the Lair of Beasts.
             The game lasted 01:43:46 (14832 turns).

SpicyYetSad the Frost Mage (MfIE)                  Turns: 14832, Time: 01:43:47

Health: -9/78      AC: 19    Str:  5    XL:     12   Next: 13%
Magic:  15/26      EV: 15    Int: 24    God:    Sif Muna [***...]
Gold:   782        SH:  0    Dex: 21    Spells: 11/31 levels left

rFire   . . .      SeeInvis .    C - +10 quarterstaff of the Middle {drain, +Blink Str-3 Int+5}
rCold   . . .      Faith    +    (shield currently unavailable)
rNeg    + . .      Spirit   .    a - +0 robe
rPois   +          Reflect  .    H - +2 hat
rElec   .          Harm     .    J - +1 cloak {rPois}
rCorr   .          Rampage  .    k - +1 pair of gloves
Will    .....                    Q - +0 pair of boots
Stlth   ++++......               f - amulet of faith
HPRegen 0.23/turn                n - +6 ring of dexterity
MPRegen 0.20/turn                G - ring of positive energy

@: ice-armoured, freezing walls
A: (nimble swimmer 2), mertail
a: Renounce Religion, Evoke Blink, Channel Magic, Forget Spell


You were on level 2 of the Lair of Beasts.
You worshipped Sif Muna.
Sif Muna was most pleased with you.
You visited 3 branches of the dungeon, and saw 11 of its levels.

You collected 1034 gold pieces.
You spent 252 gold pieces at shops.

Inventory:

Hand Weapons
 g - a +1 shortbow
 C - the +10 quarterstaff of the Middle (weapon) {drain, +Blink Str-3 Int+5}
   (You bought it in a shop on level 6 of the Dungeon)

   A truly terrible weapon, it drains the life of any living foe it strikes.
   Str:       It affects your strength (-3).
   Int:       It affects your intelligence (+5).
   +Blink:    It lets you blink.
 K - a +4 quarterstaff of chaos
Missiles
 p - 4 poisoned darts
 u - a throwing net
 w - 5 boomerangs
 y - 6 curare-tipped darts
Armour
 a - a +0 robe (worn)
 k - a +1 pair of gloves (worn)
 H - a +2 hat (worn)
 J - a +1 cloak of poison resistance (worn)
 Q - a +0 pair of boots (worn)
Magical Staves
 b - a staff of earth
 j - a staff of fire
Jewellery
 d - a ring of see invisible
 f - an amulet of faith (around neck)
 n - a +6 ring of dexterity (left hand)
 o - a ring of poison resistance
 q - a +4 ring of slaying
 G - a ring of positive energy (right hand)
 P - a ring of flight
 U - an amulet of reflection
Wands
 c - a wand of flame (13)
 t - a wand of quicksilver (5)
 v - a wand of iceblast (10)
 I - a wand of polymorph (12)
 L - a wand of digging (10)
 N - a wand of charming (3)
 S - a wand of mindburst (4)
Scrolls
 r - 2 scrolls of blinking
 s - a scroll of identify
 z - a scroll of fear {unknown}
 D - 3 scrolls of amnesia
 E - 2 scrolls of magic mapping
 O - a scroll of noise
 R - a scroll of enchant weapon
 W - a scroll of teleportation
Potions
 e - 2 potions of flight
 h - a potion of ambrosia {unknown}
 i - a potion of haste {unknown}
 l - 2 potions of cancellation
 m - 3 potions of attraction
 x - 5 potions of curing
 A - 3 potions of brilliance
 B - a potion of degeneration {unknown}
 F - a potion of invisibility
 M - 3 potions of lignification
 T - a potion of magic
Miscellaneous
 V - a phial of floods


   Skills:
 + Level 2.1 Fighting
 - Level 1.0(2.0) Maces & Flails
 - Level 3.8(4.8) Polearms
 + Level 2.5(3.2) Staves
 + Level 4.3 Dodging
 + Level 6.4 Stealth
 * Level 10.0 Spellcasting
 * Level 4.9 Conjurations
 * Level 4.2 Fire Magic
 * Level 12.2 Ice Magic
 * Level 4.7 Invocations
 + Level 0.1 Evocations


You had 11 spell levels left.
You knew the following spells:

 Your Spells              Type           Power      Damage    Failure   Level
a - Freeze                Ice            100%       1d11      1%          1
b - Frozen Ramparts       Ice            100%       1d16      1%          3
c - Foxfire               Conj/Fire      100%       2x1d9     1%          1
d - Ozocubu's Armour      Ice            63%        N/A       1%          3
e - Hailstorm             Conj/Ice       52%        3d12      1%          4
f - Flame Wave            Conj/Fire      34%        2d10      8%          4
g - Fulminant Prism       Conj/Hex       11%        3d9       19%         4

Your spell library contained the following spells:

 Spells                   Type           Power      Damage    Failure   Level
 Apportation              Tloc           24%        N/A       5%          1
 Inner Flame              Hex/Fire       22%        N/A       7%          3
 Kindle Blastsparks       Fire/Tloc/Air  36%        2d13      9%          3
 Iskenderun's Mystic Bla  Conj/Tloc      23%        2d6       19%         4
 Alistair's Intoxication  Tmut/Pois      8%         N/A       82%         5
 Lee's Rapid Deconstruct  Erth           6%         3d7*      82%         5


Dungeon Overview and Level Annotations

Branches:
Dungeon (8/15)             Temple (1/1) D:6            Lair (2/5) D:8
  Swamp: Lair:2-3    Shoals: Lair:2-3     Snake: Lair:2-3    Spider: Lair:2-3

Altars:
Ashenzari
Cheibriados
Dithmenos
Elyvilon
Fedhas
Gozag
Hepliaklqana
Kikubaaqudgha
Makhleb
Nemelex Xobeh
Okawaru
Qazlal
Ru
Sif Muna
Uskayaw
Wu Jian
Xom
Yredelemnul
Zin
The Shining One

Shops:
D:6 (

Annotations:
D:4 1 runed translucent door, Xoff's ghost, novice GrEE


Innate Abilities, Weirdness & Mutations

((You are very nimble when in or above water. (Stealth+, EV+, Speed+++)))
Your lower body shifts to a powerful aquatic tail in water.


Message History

The death yak is moderately wounded.
The wall freezes the death yak!
The death yak gores you!
Casting: Freeze (safe; 1% risk of failure)
Confirm with . or Enter, or press ? or * to list all spells.
Aiming: Freeze (safe; 1% risk of failure)
Press: ? - help, Shift-Dir - straight line, f/p - death yak
Aim: a death yak (moderately wounded)
You freeze the death yak.
The death yak is moderately wounded.
The wall freezes the death yak but does no damage.
The death yak gores you!
Casting: Freeze (safe; 1% risk of failure)
Confirm with . or Enter, or press ? or * to list all spells.
Aiming: Freeze (safe; 1% risk of failure)
Press: ? - help, Shift-Dir - straight line, f/p - death yak
Aim: a death yak (moderately wounded)
You freeze the death yak!
The death yak is heavily wounded.
The wall freezes the death yak but does no damage.
The death yak gores you but does no damage.
You hit the death yak but do no damage.
The death yak is heavily wounded.
The wall freezes the death yak.
The death yak gores you!!
You hit the death yak. You drain the death yak.
The death yak is severely wounded.
The wall freezes the death yak.
The death yak gores you!!
* * * LOW HITPOINT WARNING * * *
The wall freezes the death yak but does no damage.
The death yak gores you!
* * * LOW HITPOINT WARNING * * *
Aiming: Iceblast
Press: ? - help, Shift-Dir - straight line, f/p - death yak
Aim: a death yak (severely wounded, lightly drained)
Okay, then.
Aiming: Mindburst
Press: ? - help, Shift-Dir - straight line, f/p - death yak
Aim: a death yak (severely wounded, lightly drained, chance to affect: 10%)
The death yak resists with almost no effort.
The wall freezes the death yak.
The death yak gores you!
You die...

♣.##..#...###..#
♣♣.##......# #..#
Y♣♣♣♣..#....#..# #..##
.......#....#..# #...##
.......##..#...# #....#
....... #...#..###..P##
.......##......P#...##
.......Y#.......##..#
.......#@...#...##..###
.......##..##..###....#
....... ............###
...........##.......##
...........##........#
...........##..###...#
...♣P......#....##..##
...♣♣....##..###..##
....♣....##...##...#


You could see a death yak (drained).

Vanquished Creatures
  Erica (D:8)
  3 death yaks (D:8)
  Pikel (D:7)
  A torpor snail (Lair:1)
  4 cane toads
  A kobold demonologist (D:7)
  2 komodo dragons (Lair:1)
  A hornet (D:7)
  7 dream sheep
  A vampire (D:7)
  Sigmund (D:3)
  5 humans (D:7)
  18 yaks
  A wraith (D:7)
  An acid dragon (D:7)
  Edmund (D:6)
  9 water moccasins
  Duvessa (D:7)
  2 ice beasts
  An orc warrior (D:5)
  2 sky beasts
  5 black bears
  5 centaurs
  2 lemures (D:7)
  A phantom (D:6)
  A kobold brigand (D:8)
  8 bullfrogs
  2 scorpions (D:5)
  Dowan (D:7)
  A killer bee (D:7)
  An electric eel (Lair:1)
  2 jellies
  Crazy Yiuf (D:6)
  4 hounds
  An orc priest (D:3)
  8 iguanas
  3 orc wizards
  A mummy (D:4)
  3 gnolls (D:5)
  6 adders
  A white imp (D:5)
  An ufetubus (D:6)
  4 worms
  A dart slug (D:3)
  32 orcs
  6 ball pythons
  4 bats (D:1)
  6 endoplasms
  8 giant cockroaches
  7 hobgoblins
  4 jackals (D:1)
  A quokka (D:1)
  4 frilled lizards
  5 goblins
  9 kobolds
  5 rats
218 creatures vanquished.

Vanquished Creatures (others)
  117 foxfires
  7 fungi
  15 plants
  2 withered plants (D:4)
141 creatures vanquished.

Grand Total: 359 creatures vanquished

Notes
Turn   | Place    | Note
-------+----------+-------------------------------------------
     0 | D:1      | SpicyYetSad the Merfolk Ice Elementalist began the quest
                  | for the Orb.
     0 | D:1      | Reached XP level 1. HP: 13/13 MP: 3/3
   125 | D:1      | Reached XP level 2. HP: 19/19 MP: 1/5
   379 | D:1      | Reached skill level 5 in Ice Magic
   454 | D:1      | Found a faded altar of an unknown god.
   548 | D:1      | Reached XP level 3. HP: 19/24 MP: 3/6
   656 | D:1      | Learned a level 3 spell: Frozen Ramparts
  1063 | D:2      | Learned a level 1 spell: Foxfire
  1781 | D:3      | Reached skill level 1 in Polearms
  1781 | D:3      | Reached XP level 4. HP: 25/30 MP: 1/8
  2054 | D:3      | Found a white marble altar of Elyvilon.
  2054 | D:3      | Found a blossoming altar of Fedhas.
  2125 | D:3      | Became a worshipper of Elyvilon the Healer
  2163 | D:3      | Found a sacrificial altar of Ru.
  2206 | D:3      | Learned a level 3 spell: Ozocubu's Armour
  2373 | D:3      | Found a sparkling altar of Nemelex Xobeh.
  2385 | D:3      | Noticed Sigmund
  2388 | D:3      | Reached XP level 5. HP: 35/35 MP: 5/9
  2399 | D:3      | Elyvilon protects you from harm!
  2400 | D:3      | Reached skill level 1 in Fire Magic
  2846 | D:3      | Killed Sigmund
  2847 | D:3      | Reached skill level 1 in Conjurations
  2847 | D:3      | Reached skill level 6 in Ice Magic
  2847 | D:3      | Reached XP level 6. HP: 32/41 MP: 3/11
  3262 | D:4      | Found a basalt altar of Yredelemnul.
  3276 | D:4      | Reached * piety under Elyvilon
  3404 | D:4      | Found a broken altar of Ashenzari.
  3450 | D:4      | Found a runed translucent door.
  3450 | D:4      | Noticed Xoff's ghost (novice GrEE)
  3451 | D:4      | Noticed a black bear
  3458 | D:4      | Killed a black bear
  3459 | D:4      | Reached XP level 7. HP: 46/46 MP: 3/12
  3564 | D:4      | Learned a level 4 spell: Hailstorm
  3661 | D:4      | Found an iron altar of Okawaru.
  4195 | D:4      | Found a snail-covered altar of Cheibriados.
  4557 | D:5      | Entered Level 5 of the Dungeon
  4557 | D:5      | Reached ** piety under Elyvilon
  4577 | D:5      | Reached skill level 7 in Ice Magic
  4676 | D:5      | Reached XP level 8. HP: 47/52 MP: 8/15
  4785 | D:5      | Reached skill level 5 in Spellcasting
  5668 | D:5      | Reached skill level 1 in Fighting
  6289 | D:5      | Reached skill level 8 in Ice Magic
  6458 | D:6      | Noticed Edmund
  6466 | D:6      | Killed Edmund
  6566 | D:6      | Found Azastoep's Antique Weapon Shoppe.
  6567 | D:6      | Found a shimmering altar of Xom.
  6569 | D:6      | Found a hazy altar of Hepliaklqana.
  6569 | D:6      | Found a radiant altar of Vehumet.
  6572 | D:6      | Found a hazy altar of Hepliaklqana.
  6572 | D:6      | Found a shimmering altar of Xom.
  6572 | D:6      | Found a shimmering altar of Xom.
  6621 | D:6      | Bought a transparent quarterstaff for 252 gold pieces
  6621 | D:6      | Identified the +10 quarterstaff of the Middle {drain,
                  | +Blink Str-3 Int+5} (You bought it in a shop on level 6 of
                  | the Dungeon)
  6661 | D:6      | Found a staircase to the Ecumenical Temple.
  6886 | Temple   | Entered the Ecumenical Temple
  7001 | Temple   | Fell from the grace of Elyvilon
  7001 | Temple   | Became a worshipper of Sif Muna the Loreminder
  7552 | D:6      | Reached skill level 1 in Maces & Flails
  7552 | D:6      | Reached XP level 9. HP: 59/59 MP: 8/18
  7665 | D:6      | Found an ornate altar of the Wu Jian Council.
  7946 | D:6      | Found a runed translucent door.
  7947 | D:6      | Noticed Crazy Yiuf
  8113 | D:6      | Killed Crazy Yiuf
  8298 | D:7      | Noticed a hornet
  8307 | D:7      | Killed a hornet
  8347 | D:7      | Reached skill level 9 in Ice Magic
  8347 | D:7      | Reached skill level 1 in Invocations
  8578 | D:7      | Noticed Pikel
  8589 | D:7      | Reached * piety under Sif Muna
  8591 | D:7      | Killed Pikel
  8609 | D:7      | Found a stormy altar of Qazlal.
  8635 | D:7      | Noticed Duvessa
  8640 | D:7      | Killed Duvessa
  8641 | D:7      | Reached skill level 1 in Staves
  8641 | D:7      | Reached XP level 10. HP: 41/65 MP: 7/21
  8641 | D:7      | Noticed Dowan
  8646 | D:7      | Killed Dowan
  8884 | D:7      | Found a glowing golden altar of the Shining One.
  9543 | D:7      | Noticed a kobold demonologist
  9571 | D:7      | Reached skill level 10 in Ice Magic
  9892 | D:7      | Reached skill level 5 in Stealth
 10091 | D:7      | Killed a kobold demonologist
 10470 | D:7      | Found a hazy altar of Hepliaklqana.
 10617 | D:8      | Noticed a death yak
 10644 | D:8      | Killed a death yak
 10762 | D:8      | Identified a scroll of acquirement
 10762 | D:8      | Acquired 496 gold pieces
 10940 | D:8      | Noticed a death yak
 10941 | D:8      | Noticed a death yak
 10960 | D:8      | Killed a death yak
 10960 | D:8      | Reached ** piety under Sif Muna
 10961 | D:8      | Reached XP level 11. HP: 21/71 MP: 3/23
 10962 | D:8      | Killed a death yak
 10963 | D:8      | Reached skill level 11 in Ice Magic
 11472 | D:8      | Found a staircase to the Lair.
 11499 | D:8      | Noticed Erica
 11512 | D:8      | Killed Erica
 11936 | Lair:1   | Entered Level 1 of the Lair of Beasts
 13111 | Lair:1   | Learned a level 4 spell: Flame Wave
 13197 | Lair:1   | Noticed an ice dragon
 14252 | Lair:2   | Reached skill level 12 in Ice Magic
 14393 | Lair:2   | Reached *** piety under Sif Muna
 14397 | Lair:2   | Reached skill level 10 in Spellcasting
 14397 | Lair:2   | Reached XP level 12. HP: 58/78 MP: 10/26
 14597 | Lair:2   | Learned a level 4 spell: Fulminant Prism
 14814 | Lair:2   | Noticed a death yak
 14815 | Lair:2   | Noticed a death yak
 14821 | Lair:2   | Noticed a death yak
 14832 | Lair:2   | Mangled by a death yak

Illustrated notes

Levels and vault maps discovered:
D:1:      dpeg_arrival_prison, layout_loops_ring, ebering_ecumenical_altar_rust,
          hangedman_decor_riveting
D:2:      layout_loops_cross, minivault_11
D:3:      layout_loops_cross, grunt_temple_overflow_open,
          nicolae_ru_awakened_eye, nemelex_diamond_rough_becter, nrook_uturn,
          uniq_sigmund
D:4:      layout_gridville, mainiacjoe_overflow_24_doors, slow_altar_2,
          lemuel_round_altar, marbit_many_paths, gammafunk_ghost_grave,
          serial_forest, infiniplex_forest_clump_C, infiniplex_forest_diagonal,
          infiniplex_forest_lined_room_3, infiniplex_forest_clump_cross,
          infiniplex_forest_3_way, kennysheep_donut
D:5:      layout_loops_ring
D:6:      layout_basic, pdpol_wu_jian_five_deadly_venoms, doesnt_xom_only_xom,
          temple_statues, nicolae_stop_n_shop_2, uniq_edmund,
          uniq_crazy_yiuf_cottage
D:7:      minmay_chambers_of_sevens, layout_basic, tso_metal_star,
          worldfamousw_hep_ancestral_shrine, amcnicky_altar_gilded,
          minmay_ruffians, uniq_pikel, uniq_duvessa
D:8:      layout_rooms, dpeg_lair_monsters, uniq_erica
Temple:   nicolae_temple_superstar
Lair:1:   dragon1_lemuel, layout_small_grid, grunt_megastairs_3,
          infiniplex_staircase_pool, serial_bayou_shore_a
Lair:2:   layout_long_grid, elwin_shoals_entry_stream,
          nicolae_spider_entry_non_spiders, wad_woods_road_02, minivault_26,
          grunt_forest_large_clearing_hut

Skill      XL: |  1  2  3  4  5  6  7  8  9 10 11 |
---------------+----------------------------------+-----
Ice Magic      | 5 6 7 8 9 10 12 | 12.2
Polearms       | 1 2 3 |  3.8
Spellcasting   | 3 4 6 7 8 10 | 10.0
Fire Magic     | 1 2 3 4 |  4.2
Conjurations   | 1 2 3 4 |  4.9
Dodging        | 3 4 |  4.3
Stealth        | 3 4 5 6 |  6.4
Fighting       | 1 2 |  2.1
Maces & Flails | 1 |  1.0
Invocations    | 2 3 4 |  4.7
Staves         | 1 2 |  2.5
Evocations     | |  0.1

Action                   |  1- 3 |  4- 6 |  7- 9 | 10-12 || total
-------------------------+-------+-------+-------+-------++-------
Melee: Unarmed           |     6 |       |       |       ||     6
       Club              |    16 |       |       |       ||    16
       Staff             |     1 |     4 |       |       ||     5
       Quarterstaff      |       |    15 |    26 |    72 ||   113
       Whip              |       |     3 |       |       ||     3
       Punch             |       |     1 |       |       ||     1
       Spear             |       |       |    25 |       ||    25
       Dire flail        |       |       |     4 |       ||     4
 Cast: Freeze            |    48 |    23 |    79 |    46 ||   196
       Frozen Ramparts   |     2 |    10 |    38 |    35 ||    85
       Ozocubu's Armour  |       |     3 |    30 |    31 ||    64
       Foxfire           |       |       |    15 |    52 ||    67
       Hailstorm         |       |       |     1 |    34 ||    35
       Flame Wave        |       |       |       |     3 ||     3
Evoke: Wand              |       |       |       |     3 ||     3
  Use: Scroll            |     1 |     3 |     6 |     9 ||    19
       Potion            |       |       |     4 |     8 ||    12
 Stab: Sleeping          |    10 |     2 |     5 |     1 ||    18
       Distracted        |     1 |     1 |     1 |       ||     3
Armor: Robe              |    14 |     8 |    56 |    63 ||   141
Dodge: Dodged            |    39 |    24 |    95 |   128 ||   286

Table legend: (Time is in decaauts)
 A = Elapsed time spent in this place.
 B = Non-inter-level travel time spent in this place.
 C = Inter-level travel time spent in this place.
 D = Time resting spent in this place.
 E = Time spent auto-exploring this place.
 F = Levels seen in this place.
 G = Mean time per level.
                   A        B        C        D        E       F      G
               +--------+--------+--------+--------+--------+-----+--------+
         Total |  14865 |  14643 |    222 |   6327 |   4765 |  11 | 1351.4 |
       Dungeon |  11819 |  11616 |    203 |   4858 |   4092 |   8 | 1477.4 |
        Temple |    136 |    117 |     19 |      0 |     25 |   1 |  136.0 |
          Lair |   2909 |   2909 |      0 |   1469 |    648 |   2 | 1454.5 |
               +--------+--------+--------+--------+--------+-----+--------+

Top non-repeatable levels by time:
     D:7: 2429 daAuts
  Lair:1: 2322 daAuts
     D:5: 1791 daAuts
     D:6: 1703 daAuts
     D:3: 1475 daAuts
     D:8: 1329 daAuts
     D:4: 1311 daAuts
     D:1: 951 daAuts
     D:2: 826 daAuts
  Lair:2: 586 daAuts
  Temple: 136 daAuts
